 Dungeon Crawl Stone Soup version 0.29-a0-284-gf9362112df (webtiles) character file.

Game seed: 9977780218857096229

58880 freelancePsychic the Warrior (level 14, 0/128 (163) HPs)
             Began as a Troll Chaos Knight on Mar 17, 2022.
             Was a Plaything of Xom.
             Slain by Donald the minotaur
             ... wielding a +2 eveningstar of draining
              (26 damage)
             ... on level 1 of the Orcish Mines.
             The game lasted 00:41:51 (17343 turns).

freelancePsychic the Warrior (Troll Chaos Knight)  Turns: 17343, Time: 00:41:55

HP:   0/128 (163)   AC: 10    Str: 18 (19) XL:     14   Next: 51%
MP:   0/13          EV:  8    Int:  6 (8)  God:    Xom [...*..]
Gold: 1406          SH: 18    Dex: 12 (17) Spells: 13/13 levels left

rFire   + . .      SeeInvis .     - Unarmed
rCold   . . .      Faith    .   s - +0 kite shield
rNeg    . . .      Spirit   +   K - +0 acid dragon scales
rPois   .          Reflect  .   (helmet restricted)
rElec   .          Harm     .   B - +0 cloak
rCorr   +          Rampage  .   (gloves unavailable)
Will    ++...      Clarity  +   (boots unavailable)
Stlth   +.........              c - brooch of Shielding {Spirit SH+8}
HPRegen 1.11/turn               f - +4 ring of protection
MPRegen 0.13/turn               Q - ring of protection from fire

@: heavily drained
A: large, unfitting armour, claws 3, regeneration 1, shaggy fur 1, tough skin 1,
antennae 1, talons 1, agile 2, clarity, deformed body, deterioration 1,
strong-willed 1, mutation resistance 1, sense surroundings 1, weak 2, no potion
heal 1, MP-powered wands, noise suppression
a: Renounce Religion


You were on level 1 of the Orcish Mines.
You worshipped Xom.
You were a favourite toy of Xom.
You visited 3 branches of the dungeon, and saw 21 of its levels.
You also visited: Bailey.

You collected 1677 gold pieces.
You spent 271 gold pieces at shops.

Inventory:

Missiles
 q - 11 javelins
 D - 2 throwing nets
 L - 9 large rocks (quivered)
Armour
 a - a +2 robe
 s - a +0 kite shield (worn)
 B - a +0 cloak (worn)
 K - +0 acid dragon scales (worn)
Jewellery
 c - the brooch of Shielding (around neck) {Spirit SH+8}
   (You acquired it on level 8 of the Dungeon)

   [amulet of guardian spirit]

   It causes incoming damage to be divided between your reserves of health and
   magic.
   SH:        It affects your SH (+8).
 f - a +4 ring of protection (left claw)
 k - an amulet of regeneration
 p - a +4 ring of protection
 O - a +6 ring of dexterity
 Q - a ring of protection from fire (right claw)
Wands
 l - a wand of acid (6)
 o - a wand of charming (6)
 t - a wand of iceblast (11)
 C - a wand of digging (8)
 E - a wand of flame (5)
 J - a wand of mindburst (5)
 M - a wand of polymorph (2)
Scrolls
 d - 3 scrolls of immolation
 g - 2 scrolls of silence
 h - a scroll of holy word
 m - 4 scrolls of enchant weapon
 v - 4 scrolls of vulnerability
 w - 3 scrolls of blinking
 y - a scroll of amnesia {unknown}
 z - a scroll of torment {unknown}
 H - 7 scrolls of identify {@r1}
 I - a scroll of noise {unknown}
 N - 2 scrolls of teleportation {@r4}
 P - a scroll of enchant armour {unknown}
 R - 2 scrolls of fear {unknown}
Potions
 e - 4 potions of heal wounds {@q2}
 i - 3 potions of curing {@q1}
 j - 4 potions of brilliance
 n - 2 potions of flight
 r - a potion of lignification {unknown}
 u - 4 potions of mutation {unknown}
 x - 5 potions of degeneration {unknown}
 A - 2 potions of haste {@q3}
 F - 2 potions of might
 S - a potion of invisibility {unknown}
Miscellaneous
 b - a piece from Xom's chessboard (15/15)
 G - a condenser vane (inert)


   Skills:
 + Level 16.4 Fighting
 * Level 9.1 Throwing
 - Level 2.1 Dodging
 - Level 9.8 Shields
 + Level 13.2 Unarmed Combat
 + Level 1.4 Evocations


You had 13 spell levels left.
You didn't know any spells.
Your spell library contained the following spells:

 Spells                   Type           Power      Damage    Failure   Level
 Magic Dart               Conj           0%         1d3       77%         1
 Sandblast                Erth           0%         2d4       77%         1
 Summon Small Mammal      Summ           0%         N/A       77%         1
 Blink                    Tloc           0%         N/A       88%         2
 Call Imp                 Summ           0%         N/A       88%         2
 Ensorcelled Hibernation  Hex/Ice        0%         N/A       88%         2
 Passwall                 Tmut/Erth      0%         N/A       88%         2
 Sublimation of Blood     Necr           0%         N/A       88%         2
 Call Canine Familiar     Summ           0%         N/A       98%         3
 Dazzling Flash           Conj/Hex       0%         N/A       98%         3
 Gell's Gravitas          Tloc           0%         N/A       98%         3
 Lesser Beckoning         Tloc           0%         N/A       98%         3
 Mephitic Cloud           Conj/Pois/Air  0%         N/A       98%         3
 Ozocubu's Armour         Ice            0%         N/A       98%         3
 Portal Projectile        Hex/Tloc       0%         N/A       98%         3
 Spider Form              Tmut/Pois      0%         N/A       98%         3
 Stone Arrow              Conj/Erth      0%         3d7       98%         3
 Summon Guardian Golem    Hex/Summ       0%         N/A       98%         3
 Teleport Other           Tloc           0%         N/A       98%         3
 Tukima's Dance           Hex            0%         N/A       98%         3
 Anguish                  Hex/Necr       0%         N/A       100%        4
 Leda's Liquefaction      Hex/Erth       0%         N/A       100%        4
 Petrify                  Tmut/Erth      0%         N/A       100%        4
 Summon Ice Beast         Ice/Summ       0%         N/A       100%        4
 Agony                    Necr           0%         N/A       100%        5
 Irradiate                Conj/Tmut      0%         3d14      100%        5
 Manifold Assault         Tloc           0%         N/A       100%        5
 Silence                  Hex/Air        0%         N/A       100%        5
 Summon Mana Viper        Hex/Summ       0%         N/A       100%        5
 Conjure Ball Lightning   Conj/Air       0%         3x3d6     100%        6
 Dispersal                Tloc           0%         N/A       100%        6
 Enfeeble                 Hex            0%         N/A       100%        7
 Monstrous Menagerie      Summ           0%         N/A       100%        7
 Ozocubu's Refrigeration  Ice            0%         4d5       100%        7
 Discord                  Hex            0%         N/A       100%        8
 Disjunction              Tloc           0%         N/A       100%        8


Dungeon Overview and Level Annotations

Branches:
Dungeon (13/15)              Lair (6/6) D:9           Swamp (0/4) Lair:4
 Spider (0/4) Lair:3        Slime (0/5) Lair:5          Orc (2/2) D:10
 Bailey (visited)
 Temple: D:4-7          Elf: Orc:2       Vaults: D:13-14

Altars:
Cheibriados
Elyvilon
Gozag
Kikubaaqudgha
Okawaru
Qazlal
Sif Muna
Trog
Vehumet
Wu Jian
Xom
Yredelemnul
Beogh

Shops:
D:1 [   D:3 *   D:11 ??   D:12 (

Annotations:
D:12 exclusion: 2 doors
Lair:3 2 transporters, relicbr's ghost, journeyman NaIE
Orc:1 Donald


Innate Abilities, Weirdness & Mutations

You are too large for most types of armour.
You have claws for hands.
Your natural rate of healing is unusually fast.
You are covered in fur. (AC +1)
You have tough skin. (AC +1)
You have a pair of small antennae on your head.
You have sharp toenails.
You are very agile. (Dex +4)
You possess an exceptional clarity of mind.
Armour fits poorly on your strangely shaped body.
Your body sometimes deteriorates upon taking damage.
You are strong-willed. (Will+)
You are somewhat resistant to further mutation.
You passively map a small area around you.
You are very weak. (Str -4)
Potions are less effective at restoring your health.
You expend magic power (3 MP) to strengthen your wands.
You passively dampen the noise of your surroundings.


Message History

The arc of chaos hits Donald.
Donald is heavily wounded.
The arc of chaos hits Donald.
Donald appears confused.
You claw Donald! You claw Donald, but do no damage.
Donald is severely wounded.
You scratch Donald. You claw Donald, but do no damage.
Donald is severely wounded.
You mangle Donald!! You claw Donald, but do no damage.
Donald is almost dead.
Donald twirls gently on the spot.
Donald drinks a potion.
Donald seems to grow stronger.
You strike Donald from behind! You claw Donald!
Donald is almost dead.
Donald hits you with a +2 eveningstar of draining!!
Your body deteriorates!
You feel clumsy.
You feel drained. Donald gores you.
You scratch Donald but do no damage. You claw Donald, but do no damage.
Donald is almost dead.
You block Donald's attack. x2
You scratch Donald but do no damage. You claw Donald, but do no damage.
Donald is almost dead.
Donald hits you with a +2 eveningstar of draining!!!
Your body deteriorates!
You feel weakened.
You feel drained. You block Donald's attack.
You scratch Donald but do no damage. You claw Donald, but do no damage.
Donald is almost dead.
You strike Donald from behind! You scratch Donald but do no damage.
You claw Donald.
Donald is almost dead.
Donald seems less confused.
Donald hits you with a +2 eveningstar of draining!!
* * * LOW HITPOINT WARNING * * *
You feel drained.
* * * LOW HITPOINT WARNING * * *
Donald gores you but does no damage. Donald blocks your attack.
Donald is almost dead.
Donald hits you with a +2 eveningstar of draining!!
You die... "I guess I need a new plaything now."

........#...#.......#.........#
....................#.#.....#.#
..#.................#.........#
.###..#.............####'''####
.#.#...#.#...........##8...8###
#......####..........#........#
.#......# ##...))............##
.....#.#######...#..........#
##...###....##.....[.##.....#.##
#...###....###...........#.####
#..## #.....##...........###
...# ##....##.....#......## #.##
##...................# ###
#...................##
#........#......#..##


You could see Donald the minotaur (strong).

Vanquished Creatures
  A dire elephant (D:10)
  Josephine (D:10)
  A hydra (Lair:6)
  A centaur warrior (D:13)
  4 two-headed ogres
  A tengu warrior (D:13)
  Urug (D:10)
  Sonja (D:10)
  Amaemon (Lair:1)
  A phantasmal warrior (D:9)
  An orc knight (Bailey)
  2 orc sorcerers
  3 ugly things
  An oklob plant (Lair:1)
  5 cyclopes
  A manticore (D:12)
  An elephant (D:9)
  3 black mambas
  14 cane toads
  An unseen horror (D:12)
  An orange demon (Lair:1)
  Maggie (Lair:2)
  5 torpor snails
  3 rime drakes
  4 kobold demonologists
  A tengu conjurer (D:13)
  11 komodo dragons
  A queen bee (Lair:2)
  7 polar bears
  6 hornets
  2 trolls
  A meliai (D:11)
  29 blink frogs
  A raiju (shapeshifter) (Lair:5)
  A dream sheep (Lair:6)
  2 culicivoras (Lair:3)
  A spriggan (shapeshifter) (D:12)
  A vampire (D:11)
  4 basilisks
  10 spriggans (Lair:6)
  A wyvern (D:11)
  2 shadows (D:11)
  42 yaks
  4 wraiths
  3 vampire mosquitoes (D:13)
  11 humans
  A steam dragon (D:7)
  An acid dragon (D:12)
  9 water moccasins
  Duvessa (D:4)
  An ice beast (D:10)
  15 orc warriors
  6 black bears
  5 ogres
  3 boggarts (Lair:6)
  15 wolves
  7 centaurs
  6 kobold brigands
  15 bullfrogs
  A necrophage (D:5)
  A gnoll sergeant (D:9)
  A scorpion (D:4)
  15 wights
  Dowan (D:4)
  13 killer bees
  4 electric eels
  A howler monkey (D:11)
  4 hounds
  23 jellies
  10 orc priests
  A gnoll shaman (D:8)
  3 iguanas
  Jessica (D:3)
  Terence (D:3)
  15 orc wizards
  7 hell rats
  12 gnolls
  5 adders
  A white imp (D:5)
  4 ufetubi
  2 worms
  53 orcs
  3 bat zombies (D:13)
  17 endoplasms
  4 giant cockroaches
  6 goblins
  6 hobgoblins
  2 jackals (D:1)
  3 quokkas
  4 ball pythons
  4 bats
  26 kobolds
  4 rats
  A rat zombie (D:13)
544 creatures vanquished.

Vanquished Creatures (collateral kills)
  A hydra (D:13)
  A dream sheep (Lair:6)
  2 hornets (Lair:6)
  2 spriggans (Lair:6)
  A black bear (Lair:6)
  An ogre (D:5)
  A boggart (Lair:6)
  A hound (D:5)
  2 orcs (D:5)
  3 kobolds (D:8)
15 creatures vanquished.

Vanquished Creatures (others)
  A vault guard (D:13)
  A wizard (D:13)
  Sigmund (D:4)
  A wraith (D:10)
  2 bushes
  22 fungi
  27 plants
55 creatures vanquished.

Grand Total: 614 creatures vanquished

Notes
Turn   | Place    | Note
-------+----------+-------------------------------------------
     0 | D:1      | freelancePsychic the Troll Chaos Knight began the quest for
                  | the Orb.
     0 | D:1      | Reached XP level 1. HP: 22/22 MP: 0/0
    19 | D:1      | XOM: silly message
    54 | D:1      | XOM: silly message
   208 | D:1      | Reached XP level 2. HP: 27/29 MP: 1/1
   211 | D:1      | XOM: noise
   315 | D:1      | Found a faded altar of an unknown god.
   512 | D:1      | XOM: 10-stop teleportation journey
   551 | D:1      | Found Exiril's Armour Shop.
   795 | D:2      | XOM: scenery: create altars
   875 | D:2      | XOM: enchant monster (good)
  1006 | D:2      | Reached XP level 3. HP: 36/36 MP: 2/2
  1048 | D:2      | XOM: silly message
  1342 | D:3      | Noticed Terence
  1347 | D:3      | XOM: divination: magic mapping
  1350 | D:3      | Killed Terence
  1351 | D:3      | Reached skill level 3 in Fighting
  1413 | D:3      | Reached skill level 1 in Shields
  1413 | D:3      | Reached XP level 4. HP: 45/45 MP: 3/3
  1546 | D:3      | XOM: scenery: summon butterflies
  1553 | D:3      | Noticed Jessica
  1562 | D:3      | XOM: snakes to sticks
  1569 | D:3      | Killed Jessica
  1574 | D:3      | Found Besk's Assorted Antiques.
  1582 | D:3      | Reached XP level 5. HP: 53/53 MP: 4/4
  1946 | D:4      | Noticed a centaur
  1951 | D:4      | Noticed a black bear
  1961 | D:4      | XOM: cast spell 'Cause Fear'
  1975 | D:4      | XOM: scenery: create altars
  1978 | D:4      | Killed a centaur
  1979 | D:4      | Reached skill level 4 in Fighting
  1979 | D:4      | Reached XP level 6. HP: 60/62 MP: 5/5
  2025 | D:2      | XOM: cloud trail
  2088 | D:1      | Bought a +0 kite shield for 54 gold pieces
  2253 | D:3      | XOM: 1-stop teleportation journey
  2291 | D:4      | XOM: potion effect (curing)
  2294 | D:4      | XOM: confusion (+ monsters)
  2438 | D:4      | Found a radiant altar of Vehumet.
  2438 | D:4      | Found an ornate altar of the Wu Jian Council.
  2439 | D:4      | Found a basalt altar of Yredelemnul.
  2453 | D:4      | XOM is BORED!
  2453 | D:4      | XOM: give mutations
  2453 | D:4      | Gained mutation: You are weak. (Str -2) [Xom's mischief]
  2453 | D:4      | Gained mutation: You are clumsy. (Dex -2) [Xom's mischief]
  2453 | D:4      | Gained mutation: You sometimes lose the ability to read
                  | scrolls when taking damage. [Xom's mischief]
  2453 | D:4      | Gained mutation: Your spells are a little harder to cast,
                  | but a little more powerful. [Xom's mischief]
  2459 | D:4      | Noticed Sigmund
  2460 | D:4      | XOM: scenery: create altars
  2464 | D:4      | Killed Sigmund
  2464 | D:4      | XOM: divine lightning
  2668 | D:4      | Noticed Dowan
  2669 | D:4      | XOM: cleaving
  2670 | D:4      | Noticed Duvessa
  2673 | D:4      | XOM: summons friendly shadow imp
  2677 | D:4      | Killed Duvessa
  2678 | D:4      | Reached skill level 5 in Fighting
  2678 | D:4      | Reached XP level 7. HP: 68/72 MP: 6/6
  2685 | D:4      | Killed Dowan
  2686 | D:4      | Reached skill level 5 in Unarmed Combat
  2876 | D:4      | XOM: give mutations
  2876 | D:4      | Gained mutation: Your system is resistant to poisons.
                  | (rPois) [Xom's grace]
  2876 | D:4      | Gained mutation: You have a pair of small antennae on your
                  | head. [Xom's grace]
  3006 | D:4      | XOM: give mutations
  3006 | D:4      | Lost mutation: You are clumsy. (Dex -2) [Xom's mischief]
  3006 | D:4      | Gained mutation: You are clumsy. (Dex -2) [Xom's mischief]
  3006 | D:4      | Lost mutation: Your spells are a little harder to cast, but
                  | a little more powerful. [Xom's mischief]
  3033 | D:5      | Entered Level 5 of the Dungeon
  3065 | D:4      | XOM: silly message
  3249 | D:5      | Found a snail-covered altar of Cheibriados.
  3316 | D:5      | XOM: snakes to sticks
  3322 | D:5      | Found a bloodstained altar of Trog.
  3377 | D:5      | Reached XP level 8. HP: 83/83 MP: 7/7
  3440 | D:5      | XOM: give mutations
  3440 | D:5      | Gained mutation: You are somewhat resistant to further
                  | mutation. [Xom's grace]
  3440 | D:5      | Gained mutation: You heal very quickly. [Xom's grace]
  3440 | D:5      | Gained mutation: You have large cloven feet. [Xom's grace]
  3440 | D:5      | Gained mutation: You are strong-willed. (Will+) [Xom's
                  | grace]
  3484 | D:5      | Reached skill level 6 in Fighting
  3512 | D:5      | XOM: silly message
  3743 | D:6      | Found an iron altar of Okawaru.
  3743 | D:6      | XOM: swap monsters
  3801 | D:6      | Noticed a glowing shapeshifter
  3801 | D:6      | an orc changed into a glowing shapeshifter
  3801 | D:6      | XOM: polymorph orc -> glowing shapeshifter
  3801 | D:6      | Noticed a glowing orange brain
  3801 | D:6      | a glowing shapeshifter changed into a glowing orange brain
  3802 | D:6      | Noticed a faun
  3802 | D:6      | a glowing orange brain changed into a faun
  3803 | D:6      | Noticed a water nymph
  3803 | D:6      | a faun changed into a water nymph
  3804 | D:6      | XOM: blink monster(s)
  3806 | D:6      | Noticed a swamp dragon
  3806 | D:6      | a water nymph changed into a swamp dragon
  3807 | D:6      | Noticed a great orb of eyes
  3807 | D:6      | a swamp dragon changed into a great orb of eyes
  3831 | D:7      | XOM: noise
  3963 | D:7      | Identified the +10 rapier of Momaocw {freeze, rF+++ Str-2
                  | Dex+4 Stlth+}
  3973 | D:7      | Noticed a hornet
  4014 | D:7      | Reached skill level 7 in Fighting
  4189 | D:7      | Found a stormy altar of Qazlal.
  4201 | D:7      | Killed a hornet
  4202 | D:7      | Reached XP level 9. HP: 69/93 MP: 8/8
  4557 | D:7      | XOM: chaos upgrade
  4573 | D:8      | Reached skill level 5 in Shields
  4582 | D:8      | Reached skill level 8 in Fighting
  4668 | D:8      | Identified a scroll of acquirement
  4668 | D:8      | Acquired the brooch of Shielding {Spirit SH+8}
  4668 | D:8      | Found the brooch of Shielding {Spirit SH+8}
  4826 | D:8      | Found a white marble altar of Elyvilon.
  4938 | D:8      | XOM: give mutations
  4938 | D:8      | Gained mutation: Potions are less effective at restoring
                  | your health. [Xom's mischief]
  4938 | D:8      | Lost mutation: You are clumsy. (Dex -2) [Xom's mischief]
  4938 | D:8      | Lost mutation: You sometimes lose the ability to read
                  | scrolls when taking damage. [Xom's mischief]
  5189 | D:9      | Found a staircase to the Lair.
  5189 | D:9      | Noticed an elephant
  5201 | D:9      | Killed an elephant
  5203 | D:9      | XOM: god gift: staff of earth
  5204 | D:9      | XOM: enchant monster (bad)
  5253 | D:9      | Noticed a two-headed ogre
  5259 | D:9      | XOM: give mutation
  5259 | D:9      | Gained mutation: You are robust. (+10% HP) [Xom's mischief]
  5262 | D:9      | Killed a two-headed ogre
  5263 | D:9      | Reached skill level 9 in Fighting
  5263 | D:9      | Reached XP level 10. HP: 95/117 MP: 6/9
  5391 | D:9      | XOM: enchant monster (bad)
  5393 | D:9      | XOM: swap monsters
  5508 | D:9      | Found an ancient bone altar of Kikubaaqudgha.
  5645 | D:9      | Found a shimmering blue altar of Sif Muna.
  5676 | D:9      | Noticed a death knight
  5679 | D:9      | Noticed a phantasmal warrior
  5685 | D:9      | Noticed a skeletal warrior
  5689 | D:9      | XOM: summons 2 friendly demons
  5702 | D:9      | Killed a phantasmal warrior
  5755 | D:10     | Entered Level 10 of the Dungeon
  5805 | D:10     | Noticed a two-headed ogre
  5811 | D:9      | XOM: chaos upgrade
  5817 | D:9      | Killed a two-headed ogre
  5848 | D:10     | Reached skill level 10 in Fighting
  5902 | D:10     | Found a flagged portal.
  5909 | Bailey   | Entered a bailey
  6063 | Bailey   | XOM: give mutations
  6063 | Bailey   | Gained mutation: Your mind is acute. (Int +2) [Xom's grace]
  6063 | Bailey   | Gained mutation: You have a somewhat thin skeletal
                  | structure. (Dex +2, Stealth+) [Xom's grace]
  6063 | Bailey   | Gained mutation: You have hoof-like feet. [Xom's grace]
  6063 | Bailey   | Lost mutation: You are somewhat resistant to further
                  | mutation. [Xom's grace]
  6063 | Bailey   | Gained mutation: You have hidden genetic potential. [Xom's
                  | grace]
  6158 | Bailey   | Noticed an orc knight
  6167 | Bailey   | XOM: fog
  6180 | Bailey   | Killed an orc knight
  6191 | Bailey   | Acquired a manual of Fighting
  6199 | D:10     | XOM: scenery: summon butterflies
  6230 | D:10     | Noticed Psyche
  6234 | D:10     | Noticed Urug
  6289 | D:10     | Noticed Psyche
  6289 | D:10     | Psyche changed into Psyche the ice beast
  6289 | D:10     | XOM: polymorph Psyche -> Psyche the ice beast
  6290 | D:10     | XOM: summons 2 friendly demons
  6294 | D:10     | Killed Psyche the ice beast
  6389 | D:10     | Noticed Sonja
  6398 | D:10     | Killed Sonja
  6399 | D:10     | Reached XP level 11. HP: 130/130 MP: 10/10
  6468 | D:10     | XOM: summons 7 friendly demons
  6692 | D:10     | Reached skill level 11 in Fighting
  6713 | D:10     | XOM: 1-stop teleportation journey
  6725 | D:10     | Found an opulent altar of Gozag.
  6744 | D:11     | XOM: polymorph troll -> meliai
  6751 | D:11     | Identified the +5 trident of Infection {vorpal, Dex+2}
  6794 | D:11     | Noticed a two-headed ogre
  6804 | D:11     | Killed a two-headed ogre
  6882 | D:11     | XOM: scenery: summon butterflies
  6898 | D:11     | Noticed a two-headed ogre
  6912 | D:11     | Killed a two-headed ogre
  6920 | D:11     | Gained mutation: You are covered in thick fur. (AC +2)
                  | [hidden potential]
  6971 | D:11     | Reached skill level 12 in Fighting
  6984 | D:11     | Found Azeintur's Magic Scroll Shop.
  7022 | D:11     | Noticed a sixfirhy
  7032 | D:11     | XOM: cast spell 'Call Canine Familiar'
  7045 | D:11     | XOM: cast spell 'Summon Ice Beast'
  7054 | D:11     | XOM: 3-stop teleportation journey
  7096 | D:11     | Noticed a sun demon
  7097 | D:11     | XOM: swap monsters
  7179 | D:11     | Bought a scroll of summoning for 142 gold pieces
  7179 | D:11     | Bought a scroll of teleportation for 45 gold pieces
  7179 | D:11     | Bought a scroll of identify for 30 gold pieces
  7358 | D:11     | Found Nadaheto's Magic Scroll Shoppe.
  7463 | D:11     | XOM: confusion (+ monsters)
  7474 | D:11     | Reached skill level 10 in Unarmed Combat
  7709 | D:12     | Found Nexuc Puy's Antique Weapon Emporium.
  7768 | D:12     | Identified the +3 helmet of Noxious Wonder {Harm Rampage
                  | *Slow Str+5}
  7794 | D:12     | Noticed a brown ugly thing
  7811 | D:12     | XOM: stat loss: -1 Dex (14/15)
  7829 | D:12     | Killed a brown ugly thing
  7832 | D:12     | Reached skill level 13 in Fighting
  8167 | D:12     | Found a snail-covered altar of Cheibriados.
  8180 | D:12     | Noticed a soul eater
  8196 | D:12     | Reached XP level 12. HP: 101/149 MP: 6/11
  8510 | D:13     | Noticed an eight-headed hydra
  8518 | D:13     | an eight-headed hydra changed into something unseen
  8566 | D:12     | XOM: noise
  8622 | D:13     | Noticed a centaur warrior
  8859 | D:13     | Noticed an eight-headed hydra
  8866 | D:13     | Killed a nine-headed hydra
  8934 | D:13     | XOM: give mutations
  8934 | D:13     | Lost mutation: You have hidden genetic potential. [Xom's
                  | mischief]
  8934 | D:13     | Lost mutation: Your mind is acute. (Int +2) [Xom's
                  | mischief]
  8934 | D:13     | Lost mutation: You heal very quickly. [Xom's mischief]
  8940 | D:13     | Killed a centaur warrior
  8941 | D:13     | Reached skill level 14 in Fighting
  9034 | D:13     | Found an ancient bone altar of Kikubaaqudgha.
  9235 | D:13     | Noticed a tengu warrior
  9237 | D:13     | XOM: swap monsters
  9238 | D:13     | XOM: summons 6 hostile demons
  9239 | D:13     | XOM: chaos cloud
  9250 | D:13     | Killed a tengu warrior
  9259 | D:13     | Paralysed by you for 5 turns
  9372 | D:13     | XOM: summons 7 hostile demons
  9407 | D:13     | XOM: swap monsters
  9468 | D:13     | Noticed a vault guard
  9469 | D:13     | XOM: noise
  9471 | D:13     | XOM: enchant monster (good)
  9472 | D:13     | Noticed a vault guard
  9738 | D:10     | XOM: give mutations
  9738 | D:10     | Lost mutation: You are robust. (+10% HP) [Xom's mischief]
  9738 | D:10     | Gained mutation: Your body sometimes deteriorates upon
                  | taking damage. [Xom's mischief]
  9777 | D:10     | XOM: divine lightning
  9788 | D:10     | Killed Urug
  9788 | D:10     | XOM: enchant monster (bad)
  9789 | D:10     | Reached skill level 15 in Fighting
  9797 | D:10     | XOM: give mutations
  9797 | D:10     | Gained mutation: Your body often deteriorates upon taking
                  | damage. [Xom's mischief]
  9797 | D:10     | Lost mutation: You are covered in thick fur. (AC +2) [Xom's
                  | mischief]
  9797 | D:10     | Lost mutation: You are weak. (Str -2) [Xom's mischief]
 10014 | D:10     | Found a staircase to the Orcish Mines.
 10033 | Orc:1    | Entered Level 1 of the Orcish Mines
 10044 | Orc:1    | Noticed Josephine
 10060 | Orc:1    | Noticed an orc warlord
 10072 | D:10     | Reached skill level 1 in Throwing
 10096 | D:10     | XOM: silly message
 10100 | D:10     | XOM: divine lightning
 10102 | D:10     | Killed Josephine
 10331 | Orc:1    | Noticed a dire elephant
 10331 | Orc:1    | an orc warlord changed into a dire elephant
 10331 | Orc:1    | XOM: polymorph orc warlord -> dire elephant
 10339 | Orc:1    | XOM: 3-stop teleportation journey
 10617 | D:12     | HP: 3/139 [something (10)]
 10787 | Lair:1   | Entered Level 1 of the Lair of Beasts
 10792 | Lair:1   | XOM: cleaving
 10930 | Lair:1   | XOM: confuse monster(s)
 10949 | Lair:1   | Found a snail-covered altar of Cheibriados.
 10956 | Lair:1   | XOM: enchant monster (bad)
 10963 | Lair:1   | Reached XP level 13. HP: 140/150 MP: 10/12
 11008 | Lair:1   | XOM: 2-stop teleportation journey
 11013 | Lair:1   | XOM: cast spell 'Death Channel'
 11444 | Lair:1   | Noticed Amaemon
 11450 | Lair:1   | Killed Amaemon
 11589 | Lair:1   | XOM: give mutations
 11589 | Lair:1   | Gained mutation: You are partially covered in iridescent
                  | scales. (AC +2) [Xom's grace]
 11589 | Lair:1   | Gained mutation: You possess an exceptional clarity of
                  | mind. [Xom's grace]
 11589 | Lair:1   | Gained mutation: You are agile. (Dex +2) [Xom's grace]
 11978 | Lair:2   | XOM: summons 1 hostile demon
 12099 | Lair:2   | XOM: enchant monster (bad)
 12110 | Lair:2   | XOM: blink monster(s)
 12142 | Lair:2   | Reached skill level 5 in Throwing
 12422 | Lair:2   | Noticed Maggie
 12431 | Lair:2   | Killed Maggie
 12559 | Lair:2   | XOM: give mutations
 12559 | Lair:2   | Lost mutation: You have a somewhat thin skeletal structure.
                  | (Dex +2, Stealth+) [Xom's mischief]
 12559 | Lair:2   | Gained mutation: Armour fits poorly on your strangely
                  | shaped body. [Xom's mischief]
 12559 | Lair:2   | Lost mutation: Your body often deteriorates upon taking
                  | damage. [Xom's mischief]
 12559 | Lair:2   | Lost mutation: You are partially covered in iridescent
                  | scales. (AC +2) [Xom's mischief]
 12611 | Lair:2   | XOM: polymorph yak -> queen bee
 12643 | Lair:2   | Found the +7 mace of Variability {chain chaos}
 12659 | Lair:2   | XOM: enchant monster (bad)
 12981 | Lair:3   | Found a hole to the Spider Nest.
 13004 | Lair:3   | XOM: blink monster(s)
 13006 | Lair:3   | XOM: summons 1 hostile demon
 13113 | Lair:3   | XOM: give mutations
 13113 | Lair:3   | Gained mutation: You expend magic power (3 MP) to
                  | strengthen your wands. [Xom's mischief]
 13113 | Lair:3   | Lost mutation: You have hoof-like feet. [Xom's mischief]
 13113 | Lair:3   | Lost mutation: Your system is resistant to poisons. (rPois)
                  | [Xom's mischief]
 13113 | Lair:3   | Gained mutation: You are weak. (Str -2) [Xom's mischief]
 13243 | Lair:3   | Found a transporter.
 13253 | Lair:3   | Noticed relicbr's ghost (journeyman NaIE)
 13300 | Lair:3   | Found a transporter.
 13507 | Lair:4   | XOM: noise
 13631 | Lair:4   | XOM: noise
 13710 | Lair:4   | Found a staircase to the Swamp.
 13875 | Lair:4   | Reached skill level 16 in Fighting
 13880 | Lair:4   | XOM: scenery: summon butterflies
 13900 | Lair:4   | XOM: 2-stop teleportation journey
 14185 | Lair:4   | XOM: give mutations
 14185 | Lair:4   | Gained mutation: You are somewhat resistant to further
                  | mutation. [Xom's grace]
 14185 | Lair:4   | Gained mutation: You passively map a small area around you.
                  | [Xom's grace]
 14185 | Lair:4   | Lost mutation: You have large cloven feet. [Xom's grace]
 14185 | Lair:4   | Gained mutation: You have sharp toenails. [Xom's grace]
 14185 | Lair:4   | Gained mutation: You passively dampen the noise of your
                  | surroundings. [Xom's grace]
 14402 | Lair:5   | XOM: polymorph yak -> shapeshifter
 14461 | Lair:5   | XOM: cast spell 'Cause Fear'
 14517 | Lair:5   | Found a staircase to the Slime Pits.
 14517 | Lair:5   | XOM: 4-stop teleportation journey
 14541 | Lair:5   | XOM: god gift: +1 trident of chaos
 14546 | Lair:5   | XOM: cast spell 'Cause Fear'
 14656 | Lair:5   | XOM: potion effect (might)
 14728 | Lair:5   | Identified the +0 robe of the Everdark {rN++}
 14924 | Lair:5   | XOM: cast spell 'Death Channel'
 14994 | Lair:5   | XOM: god gift: wand of acid (6)
 15270 | Lair:5   | XOM: give mutation
 15270 | Lair:5   | Gained mutation: You are very weak. (Str -4) [Xom's
                  | mischief]
 15286 | Lair:6   | Entered Level 6 of the Lair of Beasts
 15294 | Lair:6   | Reached XP level 14. HP: 162/162 MP: 13/13
 15462 | Lair:6   | Found the +7 Spriggan's Knife {stab, EV+4 Stlth+}
 15544 | Lair:6   | XOM: summons 2 friendly demons
 15546 | Lair:6   | XOM: scenery: create altars
 15556 | Lair:6   | XOM: cleaving
 15582 | Lair:6   | XOM: confuse monster(s)
 15597 | Lair:6   | Found a radiant altar of Vehumet.
 15597 | Lair:6   | XOM: 3-stop teleportation journey
 15774 | Lair:6   | XOM: torment (72/162 hp)
 15961 | Lair:6   | XOM: summons 14 friendly demons
 15963 | Lair:6   | XOM: polymorph white imp -> iron imp
 16121 | Lair:6   | XOM: polymorph wolf -> hound
 16131 | Lair:6   | XOM: summons friendly white imp
 16250 | Lair:6   | XOM: scenery: summon butterflies
 16317 | Lair:6   | Reached skill level 1 in Evocations
 16929 | Orc:1    | XOM: summons 8 friendly demons
 17175 | Orc:1    | XOM: give mutation
 17175 | Orc:1    | Gained mutation: You are very agile. (Dex +4) [Xom's grace]
 17181 | Orc:1    | XOM: 9-stop teleportation journey
 17321 | Orc:2    | Entered Level 2 of the Orcish Mines
 17321 | Orc:2    | Noticed Donald
 17326 | Orc:1    | Noticed Donald
 17326 | Orc:1    | Donald changed into Donald the minotaur
 17326 | Orc:1    | XOM: polymorph Donald -> Donald the minotaur
 17328 | Orc:1    | XOM: divination: magic mapping
 17331 | Orc:1    | XOM: cast spell 'Chain of Chaos'
 17343 | Orc:1    | Slain by Donald the minotaur

Illustrated notes

Levels and vault maps discovered:
D:1:      eino_arrival_water_cross, layout_basic, basic_ecumenical_altar,
          serial_shops, nicolae_lakefront_shop, minmay_pentomino_z4
D:2:      layout_basic
D:3:      layout_loops_ring, serial_shops, nicolae_shop_statue_plus,
          guppyfry_early_lair_pool, uniq_jessica, uniq_terence
D:4:      black_bear_nest_2, layout_basic, gammafunk_temple_overflow_claw,
          grunt_ministairs_6, hangedman_abyss_or_decor_stagger, uniq_duvessa,
          uniq_sigmund
D:5:      layout_basic, trog_book, mainiacjoe_overflow_alcove_4,
          chequers_serial_rivers_micro_d
D:6:      layout_gridville, mainiacjoe_overflow_paths,
          mainiacjoe_overflow_concentric_impassable, lemuel_temple_firewalk_a,
          nicolae_grassy_gnolls
D:7:      layout_loops_ring, nicolae_qazlal_eye_of_the_storm
D:8:      layout_cave_pools, lemuel_crystal_altar, minmay_stone_trees_small,
          eino_small_chamber_without_monster
D:9:      layout_roguey, mainiacjoe_overflow_tiny_flanked,
          kennysheep_orc_sif_temple, david_lair_generic
D:10:     layout_basic, mainiacjoe_overflow_six_doors_small, david_orc_4,
          enter_bailey_2, grunt_decor_clamped, uniq_psyche, uniq_urug,
          uniq_sonja
D:11:     layout_irregular_city, serial_shops, shop, nicolae_inconvenience_store
D:12:     layout_irregular_city, serial_shops, nicolae_shop_crystal,
          slow_altar_1
D:13:     layout_long_grid, grunt_vaults_entry_tiered,
          lemuel_zombie_altar_kikubaaqudgha
Lair:1:   lemuel_slime, layout_cave_pods, kennysheep_snail_temple, uniq_amaemon
Lair:2:   hellmonk_destroyed_diamonds, layout_small_grid, fungi_pond_lemuel,
          chequers_serial_rivers_large_a, chequers_serial_rivers_room_a,
          serial_bayou_pond_c, minmay_hedge_maze, beast_lair_carwin_6,
          uniq_maggie
Lair:3:   layout_chaotic_city, hellmonk_spider_entry_life_and_decay,
          nzn_ghost_randoct, st_stairs_12, eino_house_with_fridge
Lair:4:   layout_regular_city, swamp_mist, serial_bayou_pond_c,
          serial_bayou_shore_a, serial_bayou_shore_b
Lair:5:   layout_roguey, minmay_slime_entry_jelly_boxes, lemuel_old_faithful
Lair:6:   minmay_lair_end_enchanted_forest, layout_misc_corridors, basic_altar,
          minivault_27, infiniplex_staircase_pool
Orc:1:    layout_caves, minmay_orc_temple_b, uniq_josephine
Orc:2:    grunt_orc_gardens, layout_caves, grunt_orc_garden, grunt_orc_garden,
          grunt_orc_garden, grunt_orc_garden, mines2_lemuel, uniq_donald

Skill      XL: |  1  2  3  4  5  6  7  8  9 10 11 12 13 14 |
---------------+-------------------------------------------+-----
Dodging        | 2 |  2.1
Fighting       | 3 4 5 7 9 10 13 15 16 | 16.4
Shields        | 1 2 3 4 5 7 8 9 |  9.8
Unarmed Combat | 4 5 6 8 9 10 11 12 13 | 13.2
Throwing       | 3 7 9 |  9.1
Evocations     | 1 |  1.4

Action                   |  1- 3 |  4- 6 |  7- 9 | 10-12 | 13-15 || total
-------------------------+-------+-------+-------+-------+-------++-------
Melee: Unarmed           |    79 |    85 |   274 |   777 |   707 ||  1922
       Punch             |     2 |     1 |       |       |       ||     3
       Kick              |       |       |    54 |   257 |   212 ||   523
Throw: Large rock        |       |       |       |       |    17 ||    17
       Javelin           |       |       |       |       |     3 ||     3
Evoke: Piece from Xom's  |       |     6 |     8 |    14 |       ||    28
       Wand              |       |       |       |    16 |     2 ||    18
       Condenser vane    |       |       |       |       |     1 ||     1
  Use: Scroll            |     1 |       |    11 |    10 |     2 ||    24
       Potion            |       |       |     3 |     3 |     1 ||     7
 Stab: Paralysed         |     1 |       |       |     6 |       ||     7
       Distracted        |     1 |       |       |     1 |       ||     2
       Sleeping          |       |       |       |     3 |       ||     3
       Confused          |       |       |       |     3 |     2 ||     5
       Petrified         |       |       |       |     3 |       ||     3
       Invisible         |       |       |       |     2 |       ||     2
Armor: Robe              |    39 |    43 |   151 |    82 |       ||   315
       Acid dragon scale |       |       |       |   202 |   151 ||   353
       Skin              |       |       |       |     4 |       ||     4
Dodge: Dodged            |    38 |    49 |   108 |   182 |   117 ||   494
Block: Kite shield       |       |     6 |   152 |   700 |   497 ||  1355
       Other             |       |       |       |     6 |       ||     6

Table legend: (Time is in decaauts)
 A = Elapsed time spent in this place.
 B = Non-inter-level travel time spent in this place.
 C = Inter-level travel time spent in this place.
 D = Time resting spent in this place.
 E = Time spent auto-exploring this place.
 F = Levels seen in this place.
 G = Mean time per level.
                   A        B        C        D        E       F      G
               +--------+--------+--------+--------+--------+-----+--------+
         Total |  17322 |  16105 |   1217 |    484 |  11521 |  22 |  787.4 |
       Dungeon |  10464 |   9477 |    987 |    484 |   6527 |  13 |  804.9 |
          Lair |   6019 |   5812 |    207 |      0 |   4537 |   6 | 1003.2 |
  Orcish Mines |    510 |    487 |     23 |      0 |    334 |   2 |  255.0 |
        Bailey |    328 |    328 |      0 |      0 |    122 |   1 |  328.0 |
               +--------+--------+--------+--------+--------+-----+--------+

Top non-repeatable levels by time:
    D:10: 1567 daAuts
  Lair:6: 1415 daAuts
    D:12: 1207 daAuts
  Lair:1: 1182 daAuts
    D:11: 1050 daAuts
  Lair:2: 1005 daAuts
     D:4: 945 daAuts
  Lair:5: 924 daAuts
  Lair:4: 891 daAuts
     D:2: 859 daAuts
    D:13: 773 daAuts
     D:7: 760 daAuts
     D:9: 758 daAuts
     D:1: 688 daAuts
     D:3: 663 daAuts
